[Event "Reykjavik Open 2024"]
[Site "Reykjavik"]
[Date "2024.03.19"]
[Round "7.41"]
[White "Soderstrom, Adrian"]
[Black "Sachi Jain"]
[Result "1-0"]
[ECO "E05"]
[WhiteElo "2288"]
[BlackElo "1992"]
[Annotator "TA"]
[PlyCount "153"]
[EventDate "2024.03.12"]
[EventCountry "ISL"]
[SourceTitle "playchess.com"]
[Source "ChessBase"]
[SourceQuality "1"]
[TimeControl "40/5400+30:1800+30"]

1. d4 d5 2. Nf3 e6 3. g3 Nf6 4. Bg2 Be7 5. c4 dxc4 6. O-O O-O 7. Qc2 a6 8. Qxc4 b5 9. Qc2 Bb7 10. Bg5 Nbd7 11. Nbd2 c5 12. Bxf6 Bxf6 13. dxc5 Rc8 $1 {[%emt 0:00:17] Die Stellung ist ausgeglichen.} 14. Nb3 {[%emt 0:07:22][%cal Of3g5] Und jetzt Ng5! wäre schön.} Bd5 15. Nfd2 Bxg2 16. Kxg2 Be7 17. Ne4 {[%emt 0:08:27] [#]} Nxc5 $1 18. Nexc5 Bxc5 19. Qe4 Qe7 20. Rac1 Bb6 21. Rxc8 Rxc8 22. Rc1 Qd7 23. Rxc8+ Qxc8 $11 {[%emt 0:00:02][%mdl 4096] Endspiel. KQB-KQN} 24. h4 h6 25. e3 Bd8 26. Nd2 Bf6 27. b3 Qd8 28. Nf3 Qa5 29. Qc2 Qc3 30. Qxc3 Bxc3 {[%emt 0:00:02] KB-KN} 31. Kf1 Kf8 32. Ke2 Ke7 33. Kd3 Bf6 34. Nd2 Kd7 35. h5 e5 36. Ke4 {[%emt 0:02:30] Droht stark Kd5.} Ke6 37. Nf3 Bd8 {[%emt 0:01:49] Droht ...f5+ und aus.} 38. g4 (38. Nxe5 $2 f5+ 39. Kd4 Bb6+ 40. Kd3 Kxe5 $19) 38... Bf6 39. Ne1 a5 (39... g6 $1 $11 {bleibt in der Remisbreite.}) 40. Nd3 $16 Kd6 41. f3 $2 ({Der einzige Zug:} 41. Kf5 $1 $18) 41... g6 $11 42. hxg6 fxg6 43. f4 exf4 44. Nxf4 Kc5 45. Kd3 g5 $2 (45... h5 $1 $11 {und Schwarz ist OK.}) 46. Ne2 (46. Ne6+ $1 $18 {ist der präzise Gewinnweg.} Kb4 47. Nd4) 46... Kb4 $2 (46... Ba1 $16 {war einen Versuch wert.}) 47. Nd4 $18 Ka3 48. Nxb5+ (48. Nc6 $142 $1) 48... Kxa2 49. Nd4 Ka3 50. Kc4 (50. Nc6 $6 Kxb3 51. Nxa5+ Kb4 $14) ({Vorzuziehen ist} 50. Kc3 $1) 50... h5 $2 51. gxh5 g4 52. Nf5 {[%emt 0:05:07] Weiss droht h6 und Matt.} Be5 $2 (52... Bg7 $18 53. e4 (53. Nxg7 g3 $11) 53... Ka2 54. Nxg7 g3) 53. h6 $1 Bh8 54. h7 Kb2 55. e4 Ka3 56. Kd5 (56. Ng3 $18 Bg7 57. Kd5 Kxb3 58. e5) 56... Kxb3 {[%emt 0:00:01] Weiß setzt Matt.} 57. e5 g3 58. Nd4+ $1 (58. Nxg3 a4 $16) 58... Kb4 59. Ne2 $1 a4 60. e6 $1 (60. Nxg3 a3 61. e6 a2 $11) 60... a3 61. e7 $1 (61. Nxg3 a2 62. e7 a1=Q $11 (62... a1=B 63. e8=Q Bae5 64. Qxe5 Bxe5 65. Kxe5 Kc3 66. h8=Q Kc4 67. Qg8+ Kc5 68. Qd5+ Kb4 69. Kd4 Ka3 70. Kc3 Ka4 71. Nh5 Ka3 72. Qb3#)) 61... a2 62. e8=Q a1=Q {[%emt 0:00:03] [#] KQB-KQN} 63. Qb8+ $1 (63. Nxg3 Qd1+ 64. Ke6 Qb3+ 65. Kd7 Qd3+ 66. Kc8 Qc3+ (66... Qxh7 67. Qf8+ Kb3 68. Qf3+ Kb2 69. Qg2+ Qc2+ 70. Qxc2+ Kxc2 71. Nh5 $11) 67. Kd8 Qxg3 $11) 63... Ka5 64. Qa8+ (64. Qxg3 Qh1+ 65. Kd6 Qd1+ 66. Kc5 Qc2+ (66... Qxe2 67. Qa3#) 67. Kd6 Qb2 $11) 64... Kb6 {[%emt 0:00:24] [#]} 65. Qxa1 $1 Bxa1 66. Nxg3 {[%emt 0:00:09] KB-KN} Kc7 67. Nf5 Bh8 68. Ke6 Kd8 69. Kf7 Kd7 70. Nh4 Kd8 71. Ng6 Bc3 72. Nf4 ({Minderwertig wäre} 72. h8=R+ Bxh8 73. Nxh8 $11) 72... Bh8 73. Ne6+ Kd7 74. Nc5+ Kd8 75. Kf8 Kc8 76. Kg8 Bf6 77. Ne6 {[%emt 0:00:05] Gewichteter Fehlerwert: Weiß=0.13 (sehr präzise) /Schwarz=0.30.  Verlustzug:     	---       	Schwarz=2     Gewinn verpasst:   	Weiß=1     	---        Fehler:       	Weiß=3     	Schwarz=3     Ungenau:       	Weiß=1     	Schwarz=2     OK:         	Weiß=16    	Schwarz=14    Bester:       	Weiß=4     	---        Stark:        	Weiß=1     	Schwarz=1} ({Nicht} 77. h8=R Bxh8 78. Kxh8 $11) 1-0

[Event "Reykjavik Open 2024"]
[Site "Reykjavik"]
[Date "2024.03.19"]
[Round "7.42"]
[White "Gikas, Andreas Basilius"]
[Black "Prado, Alexandra"]
[Result "1-0"]
[ECO "B35"]
[WhiteElo "2104"]
[BlackElo "1877"]
[Annotator "RC"]
[PlyCount "74"]
[EventDate "2024.03.12"]
[EventCountry "ISL"]
[SourceTitle "playchess.com"]
[Source "ChessBase"]
[SourceQuality "1"]
[TimeControl "40/5400+30:1800+30"]

1. e4 c5 2. Nf3 g6 3. d4 cxd4 4. Nxd4 Bg7 5. Nc3 Nc6 6. Be3 Nf6 7. Bc4 O-O 8. Bb3 e6 9. f4 Qa5 10. O-O d6 11. h3 Rd8 12. Qf3 d5 13. e5 Nxd4 14. Bxd4 Nd7 15. Ne2 Nc5 16. c3 Ne4 17. Rad1 b5 18. a3 Qc7 19. Qe3 Bf8 20. Bc2 Nc5 21. Rd2 a5 22. b4 Nd7 23. Bd3 axb4 24. axb4 Qc6 25. g4 Bh6 26. h4 Ra3 27. h5 Bb7 28. Qh3 Bg7 29. Qh4 Rda8 30. hxg6 hxg6 31. Qg5 Ra1 32. Rdd1 Rxd1 33. Rxd1 Nb6 34. f5 exf5 35. gxf5 Nc4 36. f6 Bf8 37. Bxg6 fxg6 1-0

[Event "Reykjavik Open 2024"]
[Site "Reykjavik"]
[Date "2024.03.19"]
[Round "7.43"]
[White "Erskine-Pereira, Jack"]
[Black "Manish Anto Cristiano F"]
[Result "0-1"]
[ECO "A48"]
[WhiteElo "1903"]
[BlackElo "2286"]
[Annotator "TA"]
[PlyCount "56"]
[EventDate "2024.03.12"]
[EventCountry "ISL"]
[SourceTitle "playchess.com"]
[Source "ChessBase"]
[SourceQuality "1"]
[TimeControl "40/5400+30:1800+30"]

1. d4 Nf6 2. Bf4 g6 3. e3 Bg7 4. Nf3 O-O 5. Be2 d6 6. h3 Nbd7 7. O-O b6 8. c4 c5 9. Nc3 cxd4 10. exd4 Bb7 {[%emt 0:00:34] Die Stellung ist ausgeglichen.} 11. Rc1 Rc8 12. b3 a6 13. Qd2 Re8 14. Rfd1 d5 15. cxd5 (15. Ne5 $14) 15... b5 $11 16. d6 (16. Ne5 $11 Nxd5 17. Nxd5 Bxd5 18. Bf3 Bxf3 19. Nxf3) 16... exd6 $15 17. Be3 Nb6 {[%emt 0:04:03][%cal Oc8c3] Schwarz steht aktiver.} 18. Bg5 Qd7 {[%emt 0:08:20][%cal Oc8c3] Und jetzt ...Rxc3! wäre schön.} 19. Re1 (19. Bf1 $17 {war angesagt.}) 19... b4 $19 20. Na4 {[%emt 0:08:38] [#]} Rxc1 $1 21. Rxc1 (21. Qxc1 Nxa4 22. bxa4) 21... Nxa4 22. bxa4 Ne4 (22... Qxa4 23. Bc4 $17) 23. Qd3 Nxg5 {[%emt 0:02:14] Schwarz steht klar auf Gewinn.} ({Schwächer ist} 23... Qxa4 24. Qc4 $19) 24. Nxg5 Qe7 (24... Qxa4 $2 25. Qd2 Bd5 26. Bc4 Bxc4 27. Rxc4 $17) 25. Qe3 Qd8 26. Qf4 Qf6 (26... Rxe2 $2 {geht unter.} 27. Qxf7+ Kh8 28. Qxb7 $18) 27. Qd2 {[%emt 0:01:41] [#]} Rxe2 28. Qxe2 Qxg5 {[%emt 0:00:08] Gewichteter Fehlerwert: Weiß=0.66/Schwarz=0.05 (makellos) .  Fehler:       	Weiß=4     	---        Ungenau:       	Weiß=3     	Schwarz=1     OK:         	Weiß=7     	Schwarz=9     Bester:       	---       	Schwarz=5     Brilliant:      	---       	Schwarz=1} 0-1

[Event "Reykjavik Open 2024"]
[Site "Reykjavik"]
[Date "2024.03.19"]
[Round "7.44"]
[White "Owen, Garth I"]
[Black "Roberts, Tallulah"]
[Result "1/2-1/2"]
[ECO "A20"]
[WhiteElo "1834"]
[BlackElo "1671"]
[Annotator "NA RC"]
[PlyCount "87"]
[EventDate "2024.03.12"]
[EventCountry "ISL"]
[SourceTitle "playchess.com"]
[Source "ChessBase"]
[SourceQuality "1"]
[TimeControl "40/5400+30:1800+30"]

1. c4 e5 2. g3 h5 3. h4 Nf6 4. Nc3 Bb4 5. Bg2 Bxc3 6. bxc3 {[%emt 0:00:10] A20: Englische Eröffnung.} d6 7. d3 c6 8. Bg5 Qa5 9. Qb3 Nbd7 10. Qb4 Qc7 11. e4 O-O 12. Ne2 Nc5 13. Rd1 a5 14. Qb1 Nfd7 15. O-O Ne6 16. Be3 b6 17. Rd2 Rb8 18. Qd1 Nf6 19. Rb2 Ng4 20. Bd2 Nf6 21. Qb1 Nc5 22. Bg5 Ng4 23. f3 Nf6 24. Bxf6 gxf6 25. Qd1 Kg7 26. f4 Bg4 27. f5 Rg8 28. Rd2 Rbd8 29. Kh2 Kf8 30. Bf3 Ke7 31. Ng1 Rg7 32. Nh3 Rdg8 33. Rg2 Qd8 34. Nf2 Bxf3 35. Qxf3 Rh7 36. Qd1 b5 37. cxb5 cxb5 38. d4 Nd7 39. Qb3 Qb6 40. Rd1 Rd8 {[%emt 0:02:05] [#]} 41. Rd2 $16 Qc6 42. Rb2 Rb8 43. Qc2 Nb6 44. Qd3 1/2-1/2

[Event "Reykjavik Open 2024"]
[Site "Reykjavik"]
[Date "2024.03.19"]
[Round "7.45"]
[White "Kazarian, Anna-Maja"]
[Black "Javet, Blaise"]
[Result "1-0"]
[ECO "B80"]
[WhiteElo "2206"]
[BlackElo "1942"]
[Annotator "RC"]
[PlyCount "51"]
[EventDate "2024.03.12"]
[EventCountry "ISL"]
[SourceTitle "playchess.com"]
[Source "ChessBase"]
[SourceQuality "1"]
[TimeControl "40/5400+30:1800+30"]

1. e4 c5 2. Nf3 d6 3. d4 cxd4 4. Nxd4 Nf6 5. Nc3 a6 6. Be3 e6 7. f3 Nc6 8. g4 Qc7 9. g5 Nd7 10. Qd2 Nxd4 11. Bxd4 b5 12. O-O-O b4 13. Na4 Rb8 14. Kb1 Bb7 15. b3 Bc6 16. Bxa6 Qa5 17. Bc4 Bxa4 18. bxa4 Qxa4 19. f4 Qc6 20. Qe2 Nc5 21. f5 Nxe4 22. fxe6 Nc3+ 23. Bxc3 bxc3+ 24. Bb3 fxe6 25. Qxe6+ Be7 26. Rhe1 1-0

[Event "Reykjavik Open 2024"]
[Site "Reykjavik"]
[Date "2024.03.20"]
[Round "8.1"]
[White "Xu, Xiangyu"]
[Black "Suleymenov, Alisher"]
[Result "1/2-1/2"]
[ECO "E35"]
[WhiteElo "2623"]
[BlackElo "2506"]
[Annotator "TA"]
[PlyCount "88"]
[EventDate "2024.03.12"]
[EventCountry "ISL"]
[SourceTitle "playchess.com"]
[Source "ChessBase"]
[SourceQuality "1"]
[TimeControl "40/5400+30:1800+30"]

1. d4 d5 2. c4 e6 3. Nc3 Nf6 4. cxd5 exd5 5. Bg5 Bb4 6. Qc2 h6 7. Bh4 O-O 8. e3 c5 9. dxc5 Nc6 10. Nf3 {[%emt 0:03:09] White is slightly better.} Be6 11. Bb5 Bxc5 12. O-O Be7 13. Rfd1 Qb6 14. Bxc6 bxc6 15. Na4 Qb7 16. Nd4 Rac8 17. Bxf6 $1 (17. Nc5 Bxc5 18. Qxc5 g5 $11) 17... Bxf6 18. Rac1 Bg4 19. Rd3 c5 $1 20. Rb3 Qa8 21. Nxc5 Rxc5 22. Qxc5 Rc8 23. Qc6 {[%emt 0:00:10] Qxa8 would now be deadly.} Kh7 $1 ({But not} 23... Rxc6 $2 24. Nxc6 d4 25. Rb8+ $18 (25. exd4 $2 {loses.} Bg5 $19) (25. exd4 $2 {too greedy.} Bg5 $19)) 24. h3 $1 {[%emt 0:00:09] Threatens to win with Qxa8.} Rxc6 25. Nxc6 {[%emt 0:00:04][%cal Ob3b8] And now Rb8! would win.} Bd7 26. Rb8 {[%emt 0:00:05] Repels Bxc6} Qxc6 27. Rxc6 Bxc6 28. Rc8 Bb5 29. Rc5 a6 30. b3 $1 d4 31. a4 Be2 (31... Be7 $1 $11 32. Rd5 Bd3) 32. exd4 $16 Bxd4 33. Rc2 Bh5 34. b4 {[%emt 0:00:17][%mdl 1024] aiming for g4. White has strong compensation.} f6 35. Rc6 Be2 36. Re6 Be5 $1 37. f4 Bc4 $1 38. Rc6 Bd4+ (38... Bd5 $1 $14 39. Rxa6 Bxf4) 39. Kh1 (39. Kh2 $142 Bf1 40. Rc1) 39... Bf1 {[%emt 0:00:03] [#] White is better.} 40. Rc1 $1 Be2 {[%emt 0:00:04] [#]} 41. Re1 $1 Bh5 42. Re6 Bc3 43. b5 axb5 44. axb5 Bd2 {[%emt 0:00:00] Weighted Error Value: White=0.06 (flawless) /Black=0.09 (flawless) .  Mistake:       	White=1     	Black=2      Inaccurate:     	White=2     	Black=1      OK:         	White=12    	Black=14     Best:        	White=3     	Black=4      Strong:       	White=5     	Black=4} 1/2-1/2

[Event "Reykjavik Open 2024"]
[Site "Reykjavik"]
[Date "2024.03.20"]
[Round "8.2"]
[White "Deac, Bogdan-Daniel"]
[Black "Stefansson, Hannes"]
[Result "1-0"]
[ECO "C65"]
[WhiteElo "2690"]
[BlackElo "2481"]
[Annotator "TA"]
[PlyCount "99"]
[EventDate "2024.03.12"]
[EventCountry "ISL"]
[SourceTitle "playchess.com"]
[Source "ChessBase"]
[SourceQuality "1"]
[TimeControl "40/5400+30:1800+30"]

1. e4 e5 2. Nf3 Nc6 3. Bb5 Nf6 4. d3 Bc5 5. O-O Nd4 6. Nxd4 Bxd4 7. c3 Bb6 8. Ba4 O-O 9. Bg5 {[%emt 0:02:00][%cal Bc1g5,Bg5h4,Bh4g3][%mdl 32] The position is equal.} h6 10. Bh4 d6 11. Nd2 g5 {[%emt 0:04:53][%cal Oc8g4] ...Bg4! would now be deadly.} 12. Bg3 Bg4 13. Qe1 Nh5 14. Bd1 Qd7 15. Nc4 Bxd1 16. Qxd1 Nxg3 17. hxg3 d5 18. exd5 Qxd5 19. Qe2 Rad8 20. Rad1 Rfe8 21. Rfe1 Re6 22. Qe4 (22. Nxe5 f6 (22... Qxa2 $2 23. Qh5 $18) 23. d4 Ree8 $16 (23... fxe5 24. dxe5 Bxf2+ 25. Qxf2 $14)) 22... f5 {[%emt 0:04:55] [#]} 23. Qxd5 $1 $16 ({Don't play} 23. Qxf5 Rf8 24. Nxb6 Rxb6) 23... Rxd5 {[%emt 0:00:06] [#]} 24. d4 $1 e4 {[%emt 0:00:17] [#]} 25. a4 $1 f4 {[%emt 0:01:41] Prevents Ne3.} 26. gxf4 gxf4 27. Ne5 c5 28. Rxe4 cxd4 29. cxd4 Bxd4 30. Rexd4 Rxd4 31. Rxd4 Rxe5 32. Rxf4 {[%emt 0:00:01][%mdl 4096] Endgame. KR-KR} b5 33. a5 b4 34. Rxb4 Rxa5 35. Rb7 Ra2 36. Kh2 a5 37. f4 a4 38. Kh3 {[%emt 0:00:22] Threatens to win with Kh4. White is more active.} a3 39. bxa3 Rxa3+ 40. Kg4 Ra2 41. g3 {[%emt 0:30:15] And now Kh5 would win.} Ra3 42. Rc7 Rb3 43. Kh4 {[%emt 0:00:00] aiming for g4.} Rf3 44. Ra7 Kh8 45. Rb7 Kg8 46. Re7 Kh8 47. Kg4 Ra3 48. f5 Kg8 $2 (48... Ra5 $16) 49. Kh4 $18 {[%emt 0:00:00] Intending g4 and mate.} Rb3 50. g4 {[%emt 0:00:00] Weighted Error Value: White=0.05 (flawless) /Black=0.10 (very precise) .  Loses game:     	---       	Black=1      Mistake:       	---       	Black=1      Inaccurate:     	White=1     	Black=3      OK:         	White=16    	Black=21     Best:        	White=1     	Black=3      Strong:       	White=2     	---        Brilliant:      	White=1     	---} 1-0

[Event "Reykjavik Open 2024"]
[Site "Reykjavik"]
[Date "2024.03.20"]
[Round "8.3"]
[White "Zhu, Jiner"]
[Black "Moussard, Jules"]
[Result "1/2-1/2"]
[ECO "B84"]
[WhiteElo "2467"]
[BlackElo "2621"]
[Annotator "TA"]
[PlyCount "115"]
[EventDate "2024.03.12"]
[EventCountry "ISL"]
[SourceTitle "playchess.com"]
[Source "ChessBase"]
[SourceQuality "1"]
[TimeControl "40/5400+30:1800+30"]

1. e4 c5 2. Nf3 d6 3. d4 cxd4 4. Nxd4 Nf6 5. Nc3 a6 6. Be3 e6 7. Be2 Qc7 8. Qd2 $1 {[%emt 0:00:40][%mdl 4] is recently more successful than 8.0-0.} b5 9. a3 {[%emt 0:00:05] B84: Sicilian Scheveningen: 6 Be2 a6, lines without early Be3.} h5 10. f3 Nbd7 11. O-O-O Be7 12. h3 h4 13. Rhe1 Rb8 14. f4 Bb7 15. e5 dxe5 16. fxe5 Ne4 $146 ({Predecessor:} 16... Nxe5 17. Bf4 Nfd7 18. Qe3 O-O 19. Nb3 Bd6 20. Rxd6 Qxd6 21. Rd1 Bd5 22. Nd4 Rfe8 {½-½ Colovic,A (2449)-Santos Ruiz,M (2560) EU-ch 20th Skopje 2019 (9)}) 17. Nxe4 Bxe4 18. Bg5 Nc5 19. Bxe7 Qxe7 20. Bf3 Bxf3 21. Nxf3 O-O 22. Kb1 Rfc8 23. Qf4 a5 24. Ng5 $1 (24. Nxh4 $2 {loses.} b4 25. a4 Nxa4 $19) ({Stronger than} 24. Qxh4 Qxh4 25. Nxh4 b4 $11) 24... f6 25. exf6 Qxf6 26. Qxf6 gxf6 27. Nxe6 Kf7 28. Nxc5 Rxc5 29. Rd7+ Kg6 30. Re4 Rg5 31. Rxh4 Rxg2 32. Rg4+ ({White should play} 32. Ra7 $16) 32... Rxg4 $11 33. hxg4 Kg5 $1 34. Rd4 Rh8 35. b4 axb4 36. axb4 Rh4 37. c3 Rh2 (37... Rxg4 $11 38. Rd5+ Kf4) 38. Kc1 $1 $16 Re2 (38... Ra2 $16 {was called for.}) 39. Kd1 $2 (39. Rd6 $1 $18) 39... Ra2 (39... Rh2 $11) 40. Rd6 $14 Rg2 {[%emt 0:02:14] [#]} (40... Rf2 $16) 41. Rb6 $1 $18 Rh2 $2 (41... Rxg4 {might work better.} 42. Rxb5+ f5) 42. Rxb5+ $18 Kxg4 43. c4 Kf4 44. c5 Ke5 45. Rb6 f5 {[%emt 0:00:00] [#]} 46. b5 $2 (46. c6 $1 $18 {[%cal Rc6c7] Strongly threatening c7.} Kd6 47. b5) 46... Kd4 $1 $11 47. c6 Kd3 48. Ke1 Ke3 $1 49. Kf1 Kf3 $1 50. Kg1 Rg2+ $1 51. Kh1 Rc2 52. Rb7 (52. Ra6 $5 f4 $8 53. Ra3+ Kf2 54. Kh2 $11) 52... Rc5 $1 53. Rb8 (53. Kh2 $5 f4 $8 54. Rd7 Rxb5 55. Rd3+ Ke2 56. Rc3 Rh5+ 57. Kg2 $11) 53... f4 54. Rg8 Kf2 55. Rh8 $1 Kg3 56. Rg8+ Kf2 57. Rh8 Kg3 58. Rg8+ 1/2-1/2

[Event "Reykjavik Open 2024"]
[Site "Reykjavik"]
[Date "2024.03.20"]
[Round "8.4"]
[White "Hjartarson, Johann"]
[Black "Pultinevicius, Paulius"]
[Result "0-1"]
[ECO "B12"]
[WhiteElo "2460"]
[BlackElo "2575"]
[Annotator "TA"]
[PlyCount "119"]
[EventDate "2024.03.12"]
[EventCountry "ISL"]
[SourceTitle "playchess.com"]
[Source "ChessBase"]
[SourceQuality "1"]
[TimeControl "40/5400+30:1800+30"]

1. e4 c6 2. d4 d5 3. e5 Bf5 4. h4 h5 5. Bd3 Bxd3 6. Qxd3 Qa5+ 7. Nd2 {[%emt 0:00:24][%cal Oe5e6] Schwarz muss nun e6! beachten.} e6 8. Ngf3 {[%emt 0:00:10] Die Stellung ist ausgeglichen.} Nh6 9. O-O Nf5 10. Nb3 Qa6 11. Qd1 b6 12. Bg5 c5 13. dxc5 Bxc5 14. c3 Nc6 15. Re1 Rc8 16. Nxc5 bxc5 17. b3 Rc7 18. Qd2 Rd7 19. Red1 Qb7 20. Rac1 a5 21. Qe2 Qb8 22. g3 Qb7 (22... O-O $11) 23. Bf4 (23. Ne1 $1 $14) 23... Rd8 24. Ne1 a4 25. Rb1 axb3 26. axb3 Rb8 27. Kh2 d4 28. c4 Nb4 29. Nd3 Nxd3 30. Rxd3 Qa8 31. Rd2 Rb6 32. Ra2 Qb7 33. Rba1 O-O $1 (33... Rxb3 $2 34. Ra8+ $18) 34. Ra7 Qc6 $40 {[%emt 0:01:02][%mdl 128] Schwarz hat was vor.} 35. Qd3 Rfb8 36. R1a3 R6b7 $1 37. R7a6 {[%emt 0:00:11] [#]} Qc7 ({Besser ist} 37... Qc8 $1 $17 {[%cal Ob7b3] ...Rxb3! ist eine echte Drohung.} 38. R6a5 Ne7) 38. Qf3 $11 Qd7 39. Qxh5 d3 {[%emt 0:00:22][%cal Od7d4] ...Qd4! wäre nun fies.} 40. Qd1 Qd4 {[%emt 0:00:36][%mdl 1024] Es drohte Be3. Schwarz hat Kompensation.} 41. Kh3 {[%emt 0:37:31] [#]} (41. Kg2 $1 $11 {bleibt in der Remisbreite.}) 41... Qe4 $1 $17 (41... Qxf2 $6 42. Qxd3 $11) 42. R6a5 (42. Ra8 $142) 42... Qe2 {[%emt 0:00:00] Schwarz hat aktiveres Spiel.} (42... Nd4 $142 43. b4 Rxb4 44. Rxc5 Qf5+ 45. Qg4 Qe4) 43. Qd2 $2 (43. Qxe2 $2 dxe2 44. Ra1 Nd4 $19 (44... Rxb3 $2 45. R5a2 $19)) (43. Ra1 $17) 43... Nd4 $2 (43... Qf1+ $19 44. Kg4 Qe2+ (44... Rxb3 $2 45. Ra2 $19) 45. Qxe2 dxe2) 44. b4 $1 $15 {[%emt 0:00:00] Weiss ist schwach auf den weissen Feldern} Qf1+ ({Viel schlechter ist} 44... cxb4 45. Rxd3 Qf1+ 46. Kg4 $15) (44... Rxb4 45. Qxd3 Qxf2 (45... Rxc4 46. Qxe2 Nxe2 47. Be3 $14) 46. Ra2 $11) (44... Qxd2 {vereinfacht} 45. Bxd2 Nf3 46. Rxd3 Nxe5 47. Rb3 Nxc4 48. Ra2 Nxd2 49. Rxd2 Rb5) 45. Kg4 Qe2+ 46. Kh3 $1 cxb4 47. Rxd3 {[%emt 0:00:00] [#]} b3 $1 48. Rxd4 (48. Qxe2 Nxe2) 48... Qf1+ 49. Kg4 $1 {[%emt 0:00:00] Droht Rd8+ und aus.} b2 50. Rd8+ Kh7 $1 51. Qc2+ g6 52. Rd1 b1=Q {[%emt 0:00:12] Das Brett brennt.} (52... b1=B $2 {geht unter.} 53. Qxg6+ Kxg6 54. h5+ (54. Rxf1 Bf5+ 55. Kf3 Bd3 $18) 54... Kg7 55. Rxf1 $18) 53. Rxb1 Rxb1 54. h5 $2 (54. Ra7 $17 Kg8 55. f3) 54... Qh1 $19 55. hxg6+ fxg6 56. Ra7+ R1b7 57. Rxb7+ Rxb7 58. Kg5 Kg8 (58... Kh8 $142 59. Qd3 Rf7 60. Qxg6 Rg7) 59. Kf6 Rf7+ 60. Kxe6 {[%emt 0:00:12] Gewichteter Fehlerwert: Weiß=0.43/Schwarz=0.27 (präzise) .  Verlustzug:     	Weiß=2     	---        Gewinn verpasst:   	---       	Schwarz=1     Fehler:       	Weiß=3     	Schwarz=3     Ungenau:       	Weiß=2     	---        OK:         	Weiß=17    	Schwarz=17    Bester:       	Weiß=2     	Schwarz=4     Stark:        	Weiß=3     	Schwarz=4} 0-1

[Event "Reykjavik Open 2024"]
[Site "Reykjavik"]
[Date "2024.03.20"]
[Round "8.5"]
[White "Cramling Bellon, Anna"]
[Black "Yazgi, Huseyin Yigit"]
[Result "1-0"]
[ECO "A53"]
[WhiteElo "2115"]
[BlackElo "1905"]
[Annotator "RC"]
[PlyCount "103"]
[EventDate "2024.03.12"]
[EventCountry "ISL"]
[SourceTitle "playchess.com"]
[Source "ChessBase"]
[SourceQuality "1"]
[TimeControl "40/5400+30:1800+30"]

1. d4 d6 2. c4 Nf6 3. Nc3 Nbd7 4. e4 e5 5. d5 Nc5 6. Qc2 a5 7. h3 Be7 8. g3 O-O 9. Be3 Nfd7 10. Nf3 a4 11. Be2 c6 12. O-O cxd5 13. Nxd5 Nb6 14. Bxc5 Nxd5 15. cxd5 dxc5 16. Nxe5 Bxh3 17. Rfd1 Bf6 18. Nd3 Bd4 19. Nxc5 Qf6 20. Nd3 a3 21. Rab1 Rfc8 22. Qd2 axb2 23. Qf4 Rc2 24. Qxf6 Bxf6 25. e5 Bxe5 26. Nxe5 Rxe2 27. Nc4 Rxa2 28. d6 Re8 29. Rxb2 Rxb2 30. Nxb2 b5 31. Rd5 Bd7 32. Nd3 f6 33. Nc5 Bc6 34. d7 Rd8 35. Rd6 Bxd7 36. Rxd7 Rxd7 37. Nxd7 h5 38. Kg2 Kf7 39. Kh3 g5 40. Nc5 Ke7 41. f4 b4 42. Kg2 g4 43. Kf2 Kd6 44. Ne4+ Ke6 45. Ke3 f5 46. Nd2 Kd5 47. Kd3 Kc5 48. Nb3+ Kd5 49. Nd4 Kc5 50. Nxf5 b3 51. Kc3 Kd5 52. Nh4 1-0

[Event "Reykjavik Open 2024"]
[Site "Reykjavik"]
[Date "2024.03.20"]
[Round "8.6"]
[White "Belenkaya, Dina"]
[Black "Gurner, Jem"]
[Result "1-0"]
[ECO "E90"]
[WhiteElo "2164"]
[BlackElo "1968"]
[Annotator "RC"]
[PlyCount "69"]
[EventDate "2024.03.12"]
[EventCountry "ISL"]
[SourceTitle "playchess.com"]
[Source "ChessBase"]
[SourceQuality "1"]
[TimeControl "40/5400+30:1800+30"]

1. d4 Nf6 2. c4 g6 3. Nc3 Bg7 4. e4 d6 5. Nf3 O-O 6. Bd3 Bg4 7. Be2 c5 8. d5 e6 9. O-O exd5 10. cxd5 Bxf3 11. Bxf3 a6 12. a4 Nbd7 13. Be2 b5 14. axb5 axb5 15. Rxa8 Qxa8 16. Bxb5 Rb8 17. Bc6 Qa5 18. f4 Qb4 19. Qf3 Nb6 20. e5 Ne8 21. Nb5 Nc4 22. b3 Rxb5 23. Bxb5 Qxb5 24. bxc4 Qxc4 25. Bb2 Qc2 26. Ba1 Bf8 27. Qh3 Ng7 28. exd6 Bxd6 29. Qc8+ Bf8 30. d6 Ne6 31. d7 Qd2 32. Bf6 c4 33. Be7 Qe3+ 34. Kh1 Qd3 35. Rg1 1-0

[Event "Reykjavik Open 2024"]
[Site "Reykjavik"]
[Date "2024.03.20"]
[Round "8.7"]
[White "Seemann, Jakub"]
[Black "Maze, Sebastien"]
[Result "0-1"]
[ECO "B30"]
[WhiteElo "2451"]
[BlackElo "2551"]
[Annotator "TA"]
[PlyCount "104"]
[EventDate "2024.03.12"]
[EventCountry "ISL"]
[SourceTitle "playchess.com"]
[Source "ChessBase"]
[SourceQuality "1"]
[TimeControl "40/5400+30:1800+30"]

1. e4 c5 2. Nf3 Nc6 3. Bb5 e6 4. Bxc6 bxc6 5. d3 Ne7 6. Nbd2 {[%emt 0:00:19] B30: Sizilianisch (Rossolimo-Variante).} Ng6 {[%emt 0:06:45] 6...d6 ist modischer.} 7. h4 h5 8. e5 f6 9. Qe2 Qc7 10. Nc4 Ba6 11. Qe4 Kf7 $1 12. Bf4 Bxc4 13. dxc4 d5 14. exd6 Bxd6 15. Bxd6 Qxd6 16. Rd1 Qc7 17. O-O Rhd8 18. Rfe1 Nf8 19. g3 $146 ({Predecessor:} 19. b3 g6 20. Qe3 Qe7 21. Nd2 Rd4 22. c3 Rxh4 23. Ne4 f5 24. Nxc5 Rg4 25. f3 Rg3 26. Ne4 fxe4 27. Qf4+ Qf6 28. Qxg3 exf3 29. Rf1 {1-0 Markovic,I (2494)-Benkovic,P (2413) YUG-chT playoff 2003}) 19... e5 (19... Rxd1 $14 20. Rxd1 Rb8) 20. c3 ({Günstiger ist} 20. Nd2 $1 $16) 20... Kg8 21. Nd2 Rab8 22. b3 Qd7 23. Qe3 (23. Nf1 $16 Qe6 24. Ne3) 23... Qg4 $1 $11 24. Kh2 (24. Qxc5 $2 Rd3 25. Qxc6 (25. Qxa7 $2 Rbd8 $19) 25... Rbd8 $19) ({Vorzuziehen ist} 24. Qe4 $11) 24... Rd6 $1 $15 25. Rc1 $1 Rbd8 $1 26. Ne4 (26. Nf1 $15) 26... Rd3 $17 27. Qe2 Ne6 $1 28. Rc2 a5 29. Rd2 Rxd2 30. Nxd2 Qxe2 31. Rxe2 Rd3 32. Ne4 $2 (32. Nb1 $1 $11 {und Weiss steht sicher.}) 32... f5 $19 33. Nxc5 (33. Ng5 $17 Nxg5 34. hxg5) 33... Nxc5 $19 34. Rxe5 Ne4 35. Rxf5 Rd2 36. Rxa5 Rxf2+ 37. Kg1 Rb2 38. Rxh5 Rxa2 39. Re5 Nxc3 (39... Nxg3 $2 40. Rc5 Rb2 41. b4 Ne2+ 42. Kf2 $19) 40. Rc5 (40. Re8+ $17 Kh7 41. b4) 40... Ne2+ $19 41. Kf2 {[%emt 0:03:42] [#]} Nc1+ $1 42. Ke3 Re2+ 43. Kf3 Re6 44. b4 {[%emt 0:00:49] [#]} Nd3 $1 45. Rf5 Nxb4 46. Kf4 $2 (46. Rf4) 46... Nd3+ $19 47. Kg5 Re5 48. g4 Rxf5+ 49. Kxf5 Nb2 50. c5 Nd3 51. Ke6 Nxc5+ 52. Kd6 Nd3 0-1